Match 43386101
Unlisted

Match 43386101
End
Construct Infanterie Kompanie
Selects Breakthrough Battlegroup
Selects Assault Grenadiers
Grenadier Squad
MG 42 Machine Gun Team
GrW 34 Mortar Team
Grenadier Squad
Medical Station
Construct Luftwaffe Kompanie
Jäger Squad
Construct Panzergrenadier Kompanie
Selects Smoke Bombing Run
Selects Incendiary Bombing Run
Jäger Squad
Jäger Squad
TSV_SYO
TSV_Riddick
~ Nukloiden ~ Yoda
anioki
yt_jxcol
⚅ luke
0
0

Comments sign in to comment!

No comments posted yet!